 Dungeon Crawl Stone Soup version 0.21-a0-538-gd16b88a (webtiles) character file.

49 Lanoc the Sneak (level 3, -3/25 HPs)
             Began as an Octopode Assassin on Dec 16, 2017.
             Slain by a hornet zombie (7 damage)
             ... on level 2 of the Dungeon.
             The game lasted 00:02:39 (1264 turns).

Lanoc the Sneak (Octopode Assassin)                 Turns: 1264, Time: 00:02:40

Health: -3/25      AC:  1    Str: 10    XL:     3   Next: 75%
Magic:  3/3        EV: 12    Int: 13    God:
Gold:   104        SH:  0    Dex: 14    Spells: 2/2 levels left

rFire    . . .     SeeInvis .   a - +2 dagger
rCold    . . .     Gourm    .   (no shield)
rNeg     . . .     Faith    .   (helmet restricted)
rPois    .         Spirit   .   (no amulet)
rElec    .         Reflect  .   (no ring)
rCorr    .         Harm     .   (no ring)
MR       .....                  (no ring)
Stlth    ++++......             (no ring)
HPRegen  0.08/turn              (no ring)
MPRegen  0.08/turn              (no ring)
                                (no ring)
                                (no ring)

@: heavily drained
A: almost no armour, stealthy swim, amphibious, 8 rings, constrict 8, camouflage
1, gelatinous body 1
a: no special abilities


You were on level 2 of the Dungeon.
You were not hungry.

You visited 1 branch of the dungeon, and saw 2 of its levels.

You collected 104 gold pieces.

Inventory:

Hand Weapons
 a - a +2 dagger (weapon)
 b - a +0 blowgun
Missiles
 c - 11 poisoned needles
 d - 2 curare-tipped needles
Scrolls
 g - a scroll of remove curse {unknown}
 h - 2 scrolls of identify {unknown}
 j - a scroll of noise {unknown}
 k - a scroll of fear {unknown}
 l - a scroll of immolation {unknown}
 m - 2 scrolls of amnesia {unknown}
 n - a scroll of random uselessness {unknown}
Potions
 e - a potion of degeneration {unknown}
 i - 3 potions of curing {unknown}
 p - a potion of mutation {unknown}
 q - a potion of haste {unknown}
Comestibles
 f - 2 bread rations
 o - 5 chunks of flesh


   Skills:
 + Level 2.4(1.2) Fighting
 + Level 2.3(1.2) Short Blades
 + Level 2.3(1.2) Throwing
 + Level 1.6(0.5) Dodging
 * Level 6.0(4.8) Stealth


You had 2 spell levels left.
You didn't know any spells.

Dungeon Overview and Level Annotations

Branches:
Dungeon (2/15)

Altars:


Innate Abilities, Weirdness & Mutations

You cannot wear most types of armour.
You are very stealthy in the water. (Stealth+)
You are amphibious.
You can wear up to eight rings at the same time.
You can use your tentacles to constrict eight enemies at once.
Your skin changes colour to match your surroundings (Stealth+).
Your rubbery body absorbs attacks. (AC +1, EV +1)


Message History

The hornet zombie is moderately damaged.
You constrict the hornet zombie, but do no damage.
The hornet zombie hits you but does no damage.
You hit the hornet zombie but do no damage.
The hornet zombie is moderately damaged.
You constrict the hornet zombie, but do no damage.
The hornet zombie hits you!
You hit the hornet zombie but do no damage.
The hornet zombie is moderately damaged.
You constrict the hornet zombie, but do no damage.
The hornet zombie barely misses you. The hornet zombie hits you!
* * * LOW HITPOINT WARNING * * *
You hit the hornet zombie.
The hornet zombie is moderately damaged.
You constrict the hornet zombie. The hornet zombie closely misses you.
An adder comes into view.
You hit the hornet zombie.
The hornet zombie is heavily damaged.
You constrict the hornet zombie. The hornet zombie hits you!
You die...

#.....#
##########.....#
....?.........(#
#####..##.....#
##...##.....#
#..#.##.....#
#.##..#....(#####
#)###...........#
#@# #)..........#
#..Z#
#...........#.
#.###
#<.(.......... #S
#............# #
#...........##
#......####.#
#......# #.#
#...##.# #.#
#..###.# #.#


You could see an adder and a hornet zombie.

Vanquished Creatures
  2 adders (D:2)
  A dart slug (D:2)
  A leopard gecko (D:2)
  4 bats
  A giant cockroach (D:1)
  3 goblins
  4 hobgoblins (D:1)
  4 jackals (D:2)
  A quokka (D:2)
  A ball python (D:1)
  A kobold (D:1)
  4 rats
27 creatures vanquished.

Notes
Turn   | Place    | Note
-------+----------+-------------------------------------------
     0 | D:1      | Lanoc the Octopode Assassin began the quest for the Orb.
     0 | D:1      | Reached XP level 1. HP: 14/14 MP: 1/1
   219 | D:1      | Reached XP level 2. HP: 19/19 MP: 2/2
   818 | D:2      | Reached XP level 3. HP: 3/24 MP: 3/3
  1211 | D:2      | Reached skill level 6 in Stealth
  1264 | D:2      | Slain by a hornet zombie

Vault maps used:
D:1:      dpeg_arrival_rooms_c
D:2:      uniq_terence

Skill      XL: |  1  2  3 |
---------------+----------+-----
Stealth        | 6 |  6.0
Fighting       | |  2.4
Short Blades   | |  2.3
Throwing       | |  2.3
Dodging        | |  1.6

Action                   || total
-------------------------++-------
Melee: Dagger            ||    62
       Constrict         ||    16
       Tentacles         ||     8
 Stab: Sleeping          ||     8
  Eat: Chunk             ||     1
Armor: Skin              ||     6
Dodge: Dodged            ||    29

Table legend:
 A = Spawn XP
 B = Non-spawn XP
 C = Spawn XP percentage of total XP
 D = Spawn monster count
 E = Non-spawn monster count
 F = Spawn count percentage of total count
 G = Total turns spent on level
                    A         B        C        D         E        F      G
               +---------+---------+-------+---------+---------+-------+---------
         Total |       0 |      70 |   0.0 |       0 |      27 |   0.0 |  1264
               +---------+---------+-------+---------+---------+-------+---------
           D:1 |       0 |      21 |   0.0 |       0 |      14 |   0.0 |   773
           D:2 |       0 |      49 |   0.0 |       0 |      13 |   0.0 |   491
               +---------+---------+-------+---------+---------+-------+---------
